Map: El Dorado

Players

zahin

  • Race: Zerg Zerg
  • League: Silver
  • Spawn Location: 5:00

wootwoot - Winner!

  • Race: Protoss Protoss
  • League: Silver
  • Spawn Location: 7:00

VOD

Have the link to the VOD?

Description

Time

  • Played on: April 1, 2025, 5:09 p.m.
  • Length: 4:09
Show
View Real Time Build Order
Export as new Build Order

zahin Zerg 

Build Orders: Hatch First 

Get SALT Encoding   

  12  0:07  Drone  
  13  0:14  Extractor x2  
  13  0:18  Drone x2  
  13  0:24  Drone  
  16  0:58  Hatchery  
  16  1:03  Overlord  
  15  1:09  Spawning Pool  
  14  1:26  Drone x3  
  14  1:32  Extractor  
  16  1:42  Drone  
  17  1:58  Hatchery  
  16  2:05  Drone  
  16  2:06  Drone  
  18  2:09  Queen  
  18  2:12  Zergling x2  
  18  2:14  Zergling x2  
  22  2:27  Roach Warren  
  22  2:29  Zergling x2  
  21  2:56  Spine Crawler  
  16  3:05  Zergling x2  
  16  3:07  Drone x3  
  19  3:19  Evolution Chamber  
  18  3:20  Drone  
  17  3:29  Drone  
  20  3:54  Drone x3  
  23  4:03  Extractor  
Show
View Real Time Build Order
Export as new Build Order

wootwoot Protoss - Winner!

Build Orders:  

Get SALT Encoding   

  12  0:00  Probe  
  13  0:12  Probe  
  14  0:20  Pylon  
  14  0:24  Probe  
  15  0:35  Probe  
  15  0:39  Gateway  
  16  0:43  Probe  
  16  0:49  Assimilator  
  17  0:52  Probe  
  18  1:04  Probe  
  18  1:10  Gateway  
  20  1:22  Pylon  
  19  1:26  Cybernetics Core  
  19  1:31  Zealot  
  21  1:39  Warp Gate, Probe  
  22  1:58  Pylon  
  22  2:01  Stalker  
  22  2:07  Stalker  
  26  2:19  Gateway  
  26  2:28  Stalker  
  28  2:43  Pylon  
  28  3:27  Stalker x3  
  34  3:40  Pylon  
  34  3:52  Stalker, Zealot  
  34  3:53  Zealot  
  40  3:59  Gateway  
Tags
 
Matchup
PvZ
Replay Pack
B2M-Replays
Spawn Locations
Close Positions
Add a new tag
Caveats
  • Supply blocks, unpowered buildings, or Contaminate may cause inaccurate times.
  • Supply counts are checked every 10 seconds.